 Dungeon Crawl Stone Soup version 0.19.1-1-g22dce08 (webtiles) character file.

945 Kiturien the Sneak (level 8, 0/54 HPs)
             Began as an Octopode Fighter on Jan 18, 2017.
             Was a Follower of Dithmenos.
             Slain by an ice beast (11 damage)
             ... on level 6 of the Dungeon.
             The game lasted 00:20:11 (4689 turns).

Kiturien the Sneak (Octopode Fighter)               Turns: 4689, Time: 00:20:12

Health: 0/54       AC:  1    Str: 17    XL:     8   Next: 13%
Magic:  8/8        EV: 12    Int: 14    God:    Dithmenos [*.....]
Gold:   332        SH:  9    Dex: 11    Spells: 2 memorised, 5 levels left

rFire  . . .     SeeInvis .     I - +2 falchion "Muta" {venom, -Tele +Fly Int+3} (curse)
rCold  . . .     Gourm    .     b - +0 shield
rNeg   . . .     Faith    .     (helmet restricted)
rPois  +         Spirit   .     E - amulet of regeneration
rElec  .         Reflect  .     t - ring of poison resistance
rCorr  .         Harm     .     (no ring)
MR     .....     NoTele   +     (no ring)
Stlth  +++++.....               (no ring)
                                (no ring)
                                (no ring)
                                (no ring)
                                (no ring)

@: wreathed by umbra
A: almost no armour, stealthy swim, amphibious, 8 rings, constrict 8, camouflage
1, gelatinous body 1
a: Renounce Religion, Evoke Flight


You were on level 6 of the Dungeon.
You worshipped Dithmenos.
Dithmenos was aware of your devotion.
You were not hungry.

You visited 2 branches of the dungeon, and saw 7 of its levels.

You collected 332 gold pieces.

Inventory:

Hand Weapons
 a - a +0 rapier
 D - a +1 dagger of electrocution
 G - a +3 falchion
 I - the cursed +2 falchion "Muta" (weapon) {venom, -Tele +Fly Int+3}
   (You found it on level 6 of the Dungeon)

   It poisons the flesh of those it strikes.
   It affects your intelligence (+3).
   It lets you fly.
   It prevents most forms of teleportation.
   It has a curse placed upon it.
Armour
 b - a +0 shield (worn)
Rods
 s - a +0 lightning rod (13/13)
   (You found it on level 4 of the Dungeon)
Jewellery
 f - an uncursed amulet of rage
 m - a +6 amulet of reflection
 t - a ring of poison resistance (left tentacle)
 y - an uncursed ring of ice
 E - an amulet of regeneration (around mantle)
Wands
 p - a wand of digging (17/24)
Scrolls
 h - a scroll of noise {unknown}
 j - a scroll of remove curse
 o - a scroll of recharging {unknown}
 q - a scroll of fog
 v - a scroll of enchant weapon {unknown}
 w - a scroll of teleportation
 x - a scroll of fear {unknown}
 A - a scroll of random uselessness {unknown}
 B - a scroll of enchant armour {unknown}
 C - a scroll of blinking {unknown}
 H - a scroll of holy word {unknown}
Potions
 c - 3 potions of might
 e - a potion of heal wounds
 k - a potion of magic
 l - a potion of agility
 n - 2 potions of cure mutation
 r - a potion of invisibility
Books
 F - a book of Cantrips

   Spells                             Type                      Level
   a - Confusing Touch                Hexes                        1
   b - Animate Skeleton               Necromancy                   1
   c - Summon Small Mammal            Summoning                    1
   d - Apportation                    Translocation                1
Comestibles
 d - 2 bread rations
 g - a fruit
 i - 3 meat rations
 u - a slice of pizza


   Skills:
 + Level 4.9 Fighting
 + Level 5.4 Short Blades
 + Level 4.5 Dodging
 + Level 5.7 Stealth
 + Level 4.3 Shields


You had 5 spell levels left.
You knew the following spells:

 Your Spells              Type           Power        Failure   Level  Hunger
a - Summon Small Mammal   Summ           #...         92%         1    ##.....
b - Confusing Touch       Hex            #.....       92%         1    ##.....


Dungeon Overview and Level Annotations

Branches:
Dungeon (6/15)             Temple (1/1) D:4

Altars:
Ashenzari
Cheibriados
Dithmenos
Elyvilon
Fedhas
Gozag
Hepliaklqana
Kikubaaqudgha
Makhleb
Nemelex Xobeh
Qazlal
Ru
Sif Muna
Vehumet
Xom
Zin
The Shining One

Shops:
D:5 }


Innate Abilities, Weirdness & Mutations

You cannot wear most types of armour.
You are very stealthy in the water. (Stealth+)
You are amphibious.
You can wear up to eight rings at the same time.
You can use your tentacles to constrict eight enemies at once.
Your skin changes colour to match your surroundings (Stealth+).
Your rubbery body absorbs attacks. (AC +1, EV +1)


Message History

You hit the ice beast but do no damage.
The ice beast is almost dead.
You block the bullfrog's attack.
Your shield prevents you from hitting the ice beast.
The ice beast is almost dead.
You constrict the bullfrog.
You kill the bullfrog!
Dithmenos accepts your kill. The ice beast hits you. The ice beast freezes you!
* * * LOW HITPOINT WARNING * * *
You hit the ice beast but do no damage.
The ice beast is almost dead.
The ice beast closely misses you. The ice beast hits you.
* * * LOW HITPOINT WARNING * * *
The ice beast freezes you!
* * * LOW HITPOINT WARNING * * *
You feel better. The ice beast hits you.
* * * LOW HITPOINT WARNING * * *
The ice beast freezes you!
You die...

#......#.#)....######
#.....#.#)###.# #
#####.>.....#.# #.# #
..........###.###.######
.......###..............
....... #.##.###.######
[...... #.#....#.#
.......###.#..#.#.#
......Y@...#..#.#.#
###...†#####..# #.#
#.... ###..#.#.# .......
....#.#.#
####.######...#.#.# #.
.......#.#.# #
#....#.#.# #..<.#.#.#
#.#....#.#


You could see an ice beast.

Vanquished Creatures
  2 ice beasts
  An ogre (D:5)
  A bullfrog (D:6)
  A scorpion (D:5)
  2 crimson imps (D:5)
  A bullfrog zombie (D:5)
  3 hounds
  An orc priest (D:6)
  2 orc wizards (D:5)
  An iguana (D:4)
  2 worker ants
  A hound skeleton (D:5)
  4 gnolls (D:3)
  5 adders
  A howler monkey skeleton (D:4)
  2 shadow imps
  2 oozes (D:2)
  A worm (D:3)
  2 dart slugs (D:1)
  3 leopard geckos
  8 orcs
  9 bats
  4 giant cockroaches
  6 goblins
  7 hobgoblins
  8 jackals
  9 kobolds
  A quokka (D:5)
  2 ball pythons
  4 frilled lizards
  A jackal zombie (D:5)
  A leopard gecko skeleton (D:6)
  3 rats
101 creatures vanquished.

Notes
Turn   | Place    | Note
-------+----------+-------------------------------------------
     0 | D:1      | Kiturien the Octopode Fighter began the quest for the Orb.
     0 | D:1      | Reached XP level 1. HP: 16/16 MP: 1/1
   110 | D:1      | Reached XP level 2. HP: 19/21 MP: 2/2
   676 | D:2      | Reached XP level 3. HP: 26/26 MP: 3/3
   869 | D:2      | Found a shattered altar of Ashenzari.
  1008 | D:2      | Reached XP level 4. HP: 21/31 MP: 4/4
  1465 | D:3      | Reached skill level 1 in Stealth
  1756 | D:3      | Reached XP level 5. HP: 32/36 MP: 5/5
  1759 | D:3      | Noticed an ice beast
  1870 | D:3      | Killed an ice beast
  2328 | D:4      | Reached XP level 6. HP: 36/43 MP: 6/6
  2451 | D:4      | Found a staircase to the Ecumenical Temple.
  2464 | Temple   | Entered the Ecumenical Temple
  2508 | Temple   | Became a worshipper of Dithmenos the Shadowed
  2945 | D:5      | Entered Level 5 of the Dungeon
  2953 | D:5      | Noticed an ice beast
  2989 | D:4      | Killed an ice beast
  3210 | D:5      | Reached XP level 7. HP: 46/48 MP: 7/7
  3350 | D:5      | Found Nolunt's Gadget Shop.
  3371 | D:5      | Found a white marble altar of Elyvilon.
  4075 | D:5      | Reached skill level 5 in Short Blades
  4075 | D:5      | Reached skill level 5 in Stealth
  4291 | D:5      | Reached * piety under Dithmenos
  4426 | D:5      | Learned a level 1 spell: Summon Small Mammal
  4428 | D:5      | Learned a level 1 spell: Confusing Touch
  4561 | D:6      | Reached XP level 8. HP: 54/54 MP: 8/8
  4663 | D:6      | Got a dazzling falchion
  4664 | D:6      | Identified the cursed +2 falchion "Muta" {venom, -Tele +Fly Int+3} (You found it on level 6 of the Dungeon)
  4688 | D:6      | HP: 1/54 [ice beast (7)]
  4689 | D:6      | Slain by an ice beast

Skill      XL: |  1  2  3  4  5  6  7 |
---------------+----------------------+-----
Stealth        | 2 3 4 5 |  5.7
Short Blades   | 3 4 5 |  5.4
Dodging        | 4 |  4.5
Fighting       | 4 |  4.9
Shields        | 4 |  4.3

Action                   |  1- 3 |  4- 6 |  7- 9 || total
-------------------------+-------+-------+-------++-------
Melee: Rapier            |    62 |   104 |    24 ||   190
       Constrict         |    16 |    22 |    20 ||    58
       Tentacles         |    13 |    21 |    23 ||    57
       Dagger            |       |       |    37 ||    37
       Falchion          |       |       |    11 ||    11
  Use: Potion            |     1 |     3 |     2 ||     6
       Scroll            |       |     8 |     1 ||     9
 Stab: Sleeping          |     7 |     8 |     3 ||    18
       Distracted        |       |     1 |       ||     1
  Eat: Bread ration      |       |     1 |       ||     1
       Meat ration       |       |     1 |     1 ||     2
       Fruit             |       |       |     1 ||     1
Armor: Skin              |     6 |     3 |     3 ||    12
Dodge: Dodged            |    29 |    45 |    34 ||   108
Block: Shield            |    30 |    41 |    25 ||    96
       Rpst.: Falchion   |       |       |     4 ||     4
